 Seeded DCSS version 0.30-a0-956-gcec3b41aec (webtiles) character file.

Game seed: 20230327 (custom seed)

77 GigaChad the Shield-Bearer (level 4, -4/40 HPs)
             Began as a Minotaur Fighter on Mar 29, 2023.
             Slain by Pikel
             ... wielding a +0 whip of electrocution
              (9 damage)
             ... on level 4 of the Dungeon.
             The game lasted 00:01:49 (1831 turns).

GigaChad the Shield-Bearer (Minotaur Fighter)       Turns: 1831, Time: 00:01:52

Health: -4/40      AC:  7    Str: 23    XL:     4   Next: 13%
Magic:  3/3        EV:  9    Int:  5    God:
Gold:   122        SH:  4    Dex:  9    Spells: 3/3 levels left

rFire   . . .      SeeInvis .    a - +0 war axe
rCold   . . .      Faith    .    c - +0 buckler
rNeg    . . .      Spirit   .    b - +0 scale mail
rPois   .          Reflect  .    (helmet restricted)
rElec   .          Rampage  .    (no cloak)
rCorr   .                        (no gloves)
Will    .....                    (no boots) Stlth
                                 (no amulet)
HPRegen 0.26/turn                (no ring)
MPRegen 0.08/turn                (no ring)

@: no status effects
A: horns 2, retaliatory headbutt
a: no special abilities


You were on level 4 of the Dungeon.
You visited 1 branch of the dungeon, and saw 4 of its levels.

You collected 122 gold pieces.

Inventory:

Hand Weapons
 a - a +0 war axe (weapon)
Armour
 b - a +0 scale mail (worn)
 c - a +0 buckler (worn)
Jewellery
 j - a ring of fire
Scrolls
 f - 3 scrolls of identify {unknown}
 h - 3 scrolls of enchant armour {unknown}
 k - a scroll of immolation {unknown}
 n - 2 scrolls of blinking {unknown}
 p - a scroll of fog {unknown}
 q - a scroll of magic mapping {unknown}
 r - 2 scrolls of poison {unknown}
 u - a scroll of torment {unknown}
Potions
 d - a potion of might
 e - 3 potions of curing {unknown}
 g - a potion of invisibility {unknown}
 i - 2 potions of degeneration {unknown}
 l - 3 potions of brilliance {unknown}
 m - 2 potions of lignification {unknown}
 o - a potion of flight {unknown}
 s - 2 potions of heal wounds {unknown}
 t - a potion of berserk rage {unknown}


   Skills:
 + Level 3.9 Fighting
 + Level 3.8 Axes
 + Level 4.1 Armour
 + Level 1.2 Dodging
 + Level 4.2 Shields


You had 3 spell levels left.
You didn't know any spells.
Your spell library contained the following spells:

 Spells                   Type           Power      Damage    Failure   Level
 Sting                    Tmut/Pois      0%         1d3       86%         1
 Poisonous Vapours        Pois/Air       0%         N/A       95%         2
 Olgreb's Toxic Radiance  Pois           0%         N/A       100%        4
 Borgnjor's Revivificati  Necr           0%         N/A       100%        8
 Necromutation            Tmut/Necr      0%         N/A       100%        8
 Death's Door             Necr           0%         N/A       100%        9


Dungeon Overview and Level Annotations

Branches:
Dungeon (4/15)
 Temple: D:4-7

Altars:
Elyvilon
Qazlal

Shops:
D:1 *=:*=

Annotations:
D:4 Pikel


Innate Abilities, Weirdness & Mutations

You have a pair of horns on your head.
You reflexively headbutt those who attack you in melee.


Message History

Done exploring.
No target in view!
Done exploring.
You see here a +3 dagger.
You see here an adder corpse.
There is an escape hatch in the floor here.
You slide downwards.
The hatch slams shut behind you.
You hear the hiss of flowing sand.
There is an entrance to an ossuary on this level.
Hurry and find it before the portal is buried!
The lemure shouts! x2; You hear a shout!
You hear an angry hiss.
Found a stormy altar of Qazlal.
Pikel, Merchant of Souls comes into view.
He is wielding a +0 whip of electrocution.
You hit the lemure. You headbutt the lemure.
The lemure is moderately wounded.
You hit the lemure. The lemure hits you but does no damage.
You block the lemure's attack.
You hit the lemure but do no damage.
The lemure is moderately wounded.
You slash the lemure! The lemure hits you. x2
You hit the lemure but do no damage.
The lemure is moderately wounded.
You slash the lemure!
A ball python comes into view.
The lemure hits you but does no damage. You block the lemure's attack.
The ball python moves out of view.
You barely miss Pikel. Your headbutt misses Pikel.
You barely miss the lemure. x2
Pikel hits you with a +0 whip of electrocution.
The lemure hits you.
You barely miss Pikel. You hit the lemure. You closely miss the lemure.
You hit the lemure. The lemure hits you.
Pikel hits you with a +0 whip of electrocution.
* * * LOW HITPOINT WARNING * * *
You block the lemure's attack. x2
You closely miss Pikel. Your headbutt misses Pikel. You hit the lemure.
You hit the lemure but do no damage. You closely miss the lemure.
The lemure hits you but does no damage. The lemure hits you!
* * * LOW HITPOINT WARNING * * *
The lemure hits you but does no damage.
Pikel hits you with a +0 whip of electrocution!
You die...

### .. .. ####.
###...###
#E#...#E# #.#
#.###5..###....#
#....K@....#
#....55....#
##.........#
####...####
#E#...#E#
###...### #####


You could see an earth elemental, a water elemental, Pikel, a fire elemental, an
air elemental and 3 lemures.

Vanquished Creatures
  2 adders (D:3)
  A worm (D:2)
  3 ball pythons (D:1)
  6 bats
  3 endoplasms
  3 giant cockroaches
  9 goblins
  6 hobgoblins
  2 jackals (D:2)
  A quokka (D:1)
  3 frilled lizards
  6 kobolds
  4 rats
49 creatures vanquished.

Notes
Turn   | Place    | Note
-------+----------+-------------------------------------------
     0 | D:1      | GigaChad the Minotaur Fighter began the quest for the Orb.
     0 | D:1      | Reached XP level 1. HP: 19/19 MP: 0/0
     4 | D:1      | Found Xoclunid's Book Emporium.
    30 | D:1      | Found Aqium's General Store.
   100 | D:1      | Found Wostryiz's General Store.
   169 | D:1      | Reached XP level 2. HP: 20/27 MP: 1/1
   203 | D:1      | Found a faded altar of an unknown god.
   278 | D:1      | Found Muif's Jewellery Shop.
   558 | D:1      | Found Uvvotic's Jewellery Boutique.
   575 | D:1      | Reached XP level 3. HP: 33/33 MP: 2/2
   724 | D:2      | Found a white marble altar of Elyvilon.
  1714 | D:3      | Reached XP level 4. HP: 33/40 MP: 3/3
  1750 | D:3      | Reached skill level 1 in Dodging
  1822 | D:4      | Noticed an air elemental
  1822 | D:4      | Noticed a water elemental
  1822 | D:4      | Noticed a fire elemental
  1822 | D:4      | Noticed an earth elemental
  1822 | D:4      | Noticed a lemure
  1822 | D:4      | Noticed a lemure
  1822 | D:4      | Noticed a lemure
  1822 | D:4      | Found a stormy altar of Qazlal.
  1824 | D:4      | Noticed Pikel
  1831 | D:4      | Slain by Pikel

Illustrated notes

Levels and vault maps discovered:
D:1:      doesnt_arrival_eight_statues, layout_basic, serial_shops,
          nicolae_shop_advertising_works [nicolae_subvault_shop_adworks], shop,
          nicolae_lakefront_shop, shop, shop,
          shapermc_ecumenical_altar_notcrosses
D:2:      minmay_spotlight, layout_basic, basic_altar
D:3:      layout_loops_cross, st_stairs_7
D:4:      layout_basic, nicolae_qazlal_style_of_elements,
          gup_ossuary_entry_pyramid, uniq_eustachio, uniq_natasha, uniq_pikel,
          uniq_duvessa

Skill      XL: |  1  2  3  4 |
---------------+-------------+-----
Shields        | 4 |  4.2
Armour         | 4 |  4.1
Axes           | 3 |  3.8
Dodging        | 1 |  1.2
Fighting       | |  3.9

Action                     |  1- 3 |  4- 6 || total
---------------------------+-------+-------++-------
  Melee: War axe           |    87 |     7 ||    94
         Headbutt          |    10 |     1 ||    11
 Armour: Scale mail        |    47 |     4 ||    51
  Dodge: Dodged            |    35 |       ||    35
  Block: Buckler           |    18 |     4 ||    22

Table legend: (Time is in decaauts)
 A = Elapsed time spent in this place.
 B = Non-inter-level travel time spent in this place.
 C = Inter-level travel time spent in this place.
 D = Time resting spent in this place.
 E = Time spent auto-exploring this place.
 F = Levels seen in this place.
 G = Mean time per level.
                   A        B        C        D        E       F      G
               +--------+--------+--------+--------+--------+-----+--------+
         Total |   1865 |   1774 |     91 |      0 |   1485 |   4 |  466.2 |
       Dungeon |   1865 |   1774 |     91 |      0 |   1485 |   4 |  466.2 |
               +--------+--------+--------+--------+--------+-----+--------+

Top non-repeatable levels by time:
     D:1: 644 daAuts
     D:3: 617 daAuts
     D:2: 593 daAuts
     D:4: 10 daAuts
